 Dungeon Crawl Stone Soup version 0.21.0-25-ge575cb9ce8 (webtiles) character file.

329 Hat the Chopper (level 6, -1/82 HPs)
             Began as a Deep Dwarf Berserker on Jan 25, 2018.
             Was a Believer of Trog.
             Succumbed to a water moccasin's poison
             ... on level 4 of the Dungeon on Jan 26, 2018.
             The game lasted 00:18:44 (2025 turns).

Hat the Chopper (Deep Dwarf Berserker)              Turns: 2025, Time: 00:18:44

Health: -1/82      AC: 11    Str: 28    XL:     6   Next: 25%
Magic:  6/6        EV:  9    Int:  7    God:    Trog [**....]
Gold:   210        SH:  0    Dex: 12    Spells: 5/5 levels left

rFire    . . .     SeeInvis .   a - +0 hand axe
rCold    . . .     Gourm    .   (no shield)
rNeg     . . .     Faith    .   k - +0 chain mail
rPois    .         Spirit   .   n - +0 helmet
rElec    .         Reflect  .   (no cloak)
rCorr    .         Harm     .   d - +0 pair of gloves
MR       ++...                  (no boots)
Stlth    ..........             (no amulet)
HPRegen  1.00/turn              (no ring)
MPRegen  0.10/turn              q - +1 ring of protection

@: berserking, lethally poisoned (-1 -> -20), non-regenerating, very quick
A: damage resistance, heal wounds, sense surroundings 1, no regeneration
a: Heal Wounds, Berserk, Trog's Hand, Burn Spellbooks, Renounce Religion


You were on level 4 of the Dungeon.
You worshipped Trog.
Trog was pleased with you.
You were hungry.

You visited 1 branch of the dungeon, and saw 4 of its levels.

You collected 210 gold pieces.

Inventory:

Hand Weapons
 a - a +0 hand axe (weapon)
Armour
 d - a +0 pair of gloves (worn)
 k - a +0 chain mail (worn)
 n - a +0 helmet (worn)
Jewellery
 f - an uncursed ring of wizardry
 o - an uncursed ring of poison resistance
 p - an uncursed ring of magical power
 q - a +1 ring of protection (right hand)
Scrolls
 e - a scroll of teleportation {unknown}
 h - a scroll of noise {unknown}
 j - a scroll of fear {unknown}
 m - 3 scrolls of remove curse {unknown}
 r - 2 scrolls of identify {unknown}
 s - a scroll of amnesia {unknown}
 v - a scroll of enchant weapon {unknown}
Potions
 b - 3 potions of haste {unknown}
 g - 2 potions of resistance {unknown}
 i - 2 potions of curing {unknown}
 l - a potion of lignification {unknown}
 t - 2 potions of mutation {unknown}
Comestibles
 c - 7 rations
 u - 4 chunks of flesh


   Skills:
 - Level 2.6 Fighting
 * Level 7.8 Axes
 - Level 2.1 Armour
 - Level 2.1 Dodging


You had 5 spell levels left.
You didn't know any spells.

Dungeon Overview and Level Annotations

Branches:
Dungeon (4/15)
 Temple: D:4-7

Altars:
Nemelex Xobeh


Innate Abilities, Weirdness & Mutations

You are resistant to damage.
You can heal yourself by infusing magical energy.
You passively map a small area around you.
You do not regenerate.


Message History

You feel the effects of Trog's Hand fading.
* * * LOW HITPOINT WARNING * * *
You feel very sick. The water moccasin bites you.
* * * LOW HITPOINT WARNING * * *
You are more poisoned.
The water moccasin poisons you!
You slash the water moccasin!
The water moccasin is severely wounded.
* * * LOW HITPOINT WARNING * * *
You feel sick. The water moccasin barely misses you.
You slash the water moccasin!
You kill the water moccasin!
Trog accepts your kill.
You have reached level 6!
Your experience leads to an increase in your attributes!
Your base attributes are Str 22, Int 7, Dex 12.
Increase (S)trength, (I)ntelligence, or (D)exterity?
You feel stronger.
You die...

, , * ##... #.... ,,*
#... #...# * ##..
#...# * ##. #...#
,.## ## #...# ..## #
#...# ...###. #)†.#
##...... #.@.#
####......#
###...#####.......##*
##.................#
#..................#
##...........####..#
###.<...##### ###.#
##..)### ###...#
#..### ###.....###
##.## ###........##


There were no monsters in sight!

Vanquished Creatures
  A water moccasin (D:4)
  A scorpion (D:3)
  An iguana (D:4)
  Natasha (twice) (D:2)
  3 adders
  An ooze (D:3)
  A worm (D:3)
  3 dart slugs
  4 leopard geckos
  4 orcs
  10 bats
  5 giant cockroaches
  5 goblins
  3 hobgoblins
  2 jackals (D:3)
  2 kobolds
  2 quokkas
  4 frilled lizards
  5 rats
59 creatures vanquished.

Notes
Turn   | Place    | Note
-------+----------+-------------------------------------------
     0 | D:1      | Hat the Deep Dwarf Berserker began the quest for the Orb.
     0 | D:1      | Reached XP level 1. HP: 20/20 MP: 1/1
   304 | D:1      | Reached XP level 2. HP: 25/27 MP: 2/2
   340 | D:1      | Reached skill level 4 in Axes
   865 | D:2      | Reached ** piety under Trog
   871 | D:2      | Reached XP level 3. HP: 31/33 MP: 3/3
   939 | D:2      | Reached skill level 5 in Axes
  1096 | D:3      | Noticed a scorpion
  1137 | D:2      | Noticed Natasha
  1150 | D:2      | Killed Natasha
  1150 | D:2      | Reached XP level 4. HP: 24/40 MP: 4/4
  1261 | D:2      | Noticed Natasha
  1267 | D:2      | Killed Natasha
  1355 | D:2      | Reached skill level 6 in Axes
  1438 | D:3      | Found a faded altar of an unknown god.
  1510 | D:4      | Reached XP level 5. HP: 23/46 MP: 5/5
  1786 | D:3      | Reached skill level 7 in Axes
  1811 | D:3      | Found a sparkling altar of Nemelex Xobeh.
  2012 | D:4      | Noticed a water moccasin
  2023 | D:4      | HP: 2/69 [water moccasin (5)]
  2025 | D:4      | Killed a water moccasin
  2025 | D:4      | Reached XP level 6. HP: 1/55 MP: 6/6
  2025 | D:4      | Succumbed to a water moccasin's poison

Skill      XL: |  1  2  3  4  5 |
---------------+----------------+-----
Axes           | 4 5 6 7 |  7.8
Fighting       | |  2.6
Armour         | |  2.1
Dodging        | |  2.1

Action                   |  1- 3 |  4- 6 || total
-------------------------+-------+-------++-------
Melee: Hand axe          |   135 |   125 ||   260
Invok: Trog's Hand       |       |     3 ||     3
       Berserk           |       |     1 ||     1
  Eat: Chunk             |     1 |     4 ||     5
Armor: Ring mail         |    33 |       ||    33
       Chain mail        |    57 |    55 ||   112
Dodge: Dodged            |    66 |    45 ||   111
